 Dungeon Crawl Stone Soup version 0.26-a0-812-g31a745ddcd (webtiles) character file.

Game seed: 13952352546791989704

6 schauveau the Skirmisher (level 1, -1/14 HPs)
             Began as a Gargoyle Fighter on Nov 23, 2020.
             Slain by an iguana (9 damage)
             ... on level 3 of the Dungeon.
             The game lasted 00:00:54 (197 turns).

schauveau the Skirmisher (Gargoyle Fighter)          Turns: 197, Time: 00:00:55

Health: -1/14      AC:  9    Str: 19    XL:     1   Next: 90%
Magic:  1/1        EV:  9    Int:  8    God:
Gold:   25         SH:  0    Dex:  9    Spells: 0/0 levels left

rFire    . . .     SeeInvis .   a - +0 war axe
rCold    . . .     Faith    .   (no shield)
rNeg     + . .     Spirit   .   b - +0 scale mail
rPois    ∞         Reflect  .   (no helmet)
rElec    +         Harm     .   (no cloak)
rCorr    .         Rampage  .   (no gloves)
MR       .....                  (no boots)
Stlth    ..........             (no amulet)
HPRegen  0.04/turn              (no ring)
MPRegen  0.07/turn              (no ring)

@: no status effects
A: negative energy resistance 1, electricity resistance, unbreathing,
petrification resistance, rot immunity, AC +2
a: no special abilities


You were on level 3 of the Dungeon.
You visited 1 branch of the dungeon, and saw 4 of its levels.

You collected 25 gold pieces.

Inventory:

Hand Weapons
 a - a +0 war axe (weapon)
Armour
 b - a +0 scale mail (worn)
Scrolls
 c - a scroll of remove curse {unknown}
 e - a scroll of fear {unknown}
 f - a scroll of teleportation {unknown}
Potions
 d - a potion of might


   Skills:
 + Level 3.4 Fighting
 * Level 2.1 Axes
 + Level 3.4 Armour
   Level 3.2 Shields


You couldn't memorise any spells.
You didn't know any spells.
Your spell library was empty.

Dungeon Overview and Level Annotations

Branches:
Dungeon (4/15)
 Temple: D:4-7

Altars:


Innate Abilities, Weirdness & Mutations

You are resistant to torment.
Your stone body is resilient. (AC +2)
You are immune to poison.
You resist negative energy. (rN+)
You are resistant to electric shocks. (rElec)
You can survive without breathing.
You are immune to petrification.
You are immune to rotting.


Message History

You hit the orc.
The orc is severely wounded.
The orc hits you but does no damage.
You closely miss the orc.
The orc is heavily wounded.
The orc barely misses you. The orc hits you but does no damage.
You barely miss the orc.
The orc is heavily wounded.
The orc hits you but does no damage.
You slash the orc!
You kill the orc!
You barely miss the iguana.
The iguana bites you but does no damage.
You hit the iguana.
The iguana is lightly wounded.
The iguana bites you.
The iguana hisses menacingly.
The iguana bites you!
Ouch! That really hurt!
You die...

#.# #.# #.#
#.# #.# # #.#
.##
###.####...##
#....l@.....#
#.>.####..###
#.### .# #. #
#. #. #. #.
#.


You could see an iguana.

Vanquished Creatures
  A leopard gecko (D:1)
  An orc (D:3)
  A hobgoblin (D:1)
  A kobold (D:1)
4 creatures vanquished.

Notes
Turn   | Place    | Note
-------+----------+-------------------------------------------
     0 | D:1      | schauveau the Gargoyle Fighter began the quest for the Orb.
     0 | D:1      | Reached XP level 1. HP: 14/14 MP: 1/1
   177 | D:2      | You fall into a shaft and drop 2 floors!
   178 | D:4      | Noticed an iguana
   197 | D:3      | Slain by an iguana

Illustrated notes

Levels and vault maps discovered:
D:1:      sevenhm_arrival_forest_fort_small_3, layout_loops_ring, st_stairs_4
D:2:      layout_rooms, zin_academy, old_standard_altar, uniq_robin,
          uniq_natasha
D:3:      layout_loops_ring, nicolae_ru_the_path_less_chosen,
          gup_sewer_entry_pipe, minmay_statues_item
D:4:      layout_loops_cross, nicolae_overflow_crystal_walls,
          gammafunk_ghost_cemetery

Skill      XL: |  1 |
---------------+----+-----
Axes           | 2 |  2.1
Fighting       | |  3.4
Armour         | |  3.4
Shields        | |  3.2

Action                   || total
-------------------------++-------
Melee: War axe           ||    13
Armor: Scale mail        ||    11
Dodge: Dodged            ||     9

Table legend: (Time is in decaauts)
 A = Elapsed time spent in this place.
 B = Non-inter-level travel time spent in this place.
 C = Inter-level travel time spent in this place.
 D = Time resting spent in this place.
 E = Time spent auto-exploring this place.
 F = Levels seen in this place.
 G = Mean time per level.
                   A        B        C        D        E       F      G
               +--------+--------+--------+--------+--------+-----+--------+
         Total |    201 |    194 |      7 |      0 |    103 |   4 |   50.2 |
       Dungeon |    201 |    194 |      7 |      0 |    103 |   4 |   50.2 |
               +--------+--------+--------+--------+--------+-----+--------+

Top non-repeatable levels by time:
     D:1: 176 daAuts
     D:3: 14 daAuts
     D:4: 7 daAuts
     D:2: 2 daAuts
